Map: [ESL] Alcyone

Players

Maru - Winner!

  • Race: Terran Terran
  • Spawn Location: 1:00

ByuN

  • Race: Terran Terran
  • Spawn Location: 7:00

Event: IEM Katowice 2024

VOD

https://www.youtube.com/watch?v=lMGgrXnTazU

Description

Time

  • Played on: Feb. 11, 2024, 7:50 a.m.
  • Length: 20:59

All games in this series

Show
View Real Time Build Order
Export as new Build Order

Maru Terran - Winner!

Build Orders: Cyclone Opening, Mech 

Get SALT Encoding   

  12  0:00  SCV  
  13  0:12  SCV  
  14  0:17  Supply Depot  
  14  0:24  SCV  
  15  0:38  SCV  
  15  0:40  Barracks  
  15  0:42  Refinery  
  16  0:51  SCV  
  16  0:52  Refinery  
  17  1:03  SCV  
  18  1:15  SCV  
  19  1:27  Orbital Command, Reaper  
  19  1:31  Supply Depot  
  20  1:42  Factory  
  20  1:52  SCV  
  21  1:59  Reaper  
  22  2:04  SCV  
  23  2:17  SCV  
  23  2:21  Command Center  
  24  2:29  SCV  
  25  2:30  Cyclone  
  25  2:41  SCV  
  25  2:42  Starport  
  26  2:49  Supply Depot  
  26  2:54  Barracks Reactor, SCV  
  26  3:05  Cyclone  
  26  3:06  SCV  
  28  3:18  SCV  
  28  3:19  Medivac  
  31  3:30  SCV, Refinery  
  32  3:41  Orbital Command  
  32  3:43  Cyclone x2, SCV  
  32  3:46  Marine  
  38  3:51  Starport Tech Lab  
  38  3:55  SCV  
  39  3:59  Supply Depot  
  39  4:04  Marine  
  39  4:07  SCV  
  41  4:10  Raven  
  41  4:12  SCV  
  44  4:17  Cyclone  
  44  4:19  SCV  
  44  4:22  Cyclone  
  49  4:24  SCV  
  50  4:33  Interference Matrix  
  50  4:36  SCV  
  50  4:37  SCV  
  46  4:44  Raven  
  48  4:46  Command Center  
  48  4:50  SCV x2  
  50  4:56  Cyclone  
  50  4:59  Cyclone  
  54  5:02  SCV  
  54  5:03  Barracks Tech Lab  
  54  5:04  SCV  
  56  5:08  Refinery  
  56  5:11  Supply Depot  
  56  5:14  SCV  
  56  5:16  SCV  
  56  5:18  Raven  
  60  5:27  SCV  
  61  5:29  SCV  
  61  5:31  Supply Depot  
  61  5:33  Cyclone x2  
  66  5:39  SCV  
  67  5:44  Factory, SCV  
  68  5:51  SCV  
  68  5:54  Factory  
  68  5:55  Barracks Reactor  
  69  5:57  SCV  
  69  5:59  Orbital Command  
  69  6:03  SCV  
  71  6:07  Raven  
  71  6:09  SCV  
  74  6:15  SCV  
  74  6:17  Cyclone  
  77  6:21  SCV  
  76  6:29  Siege Tank, SCV  
  76  6:31  Supply Depot  
  76  6:32  Cyclone  
  82  6:34  SCV  
  82  6:36  SCV  
  82  6:46  Supply Depot  
  82  6:47  Viking, Siege Tank  
  82  6:49  Orbital Command  
  87  6:56  Hellion  
  87  6:58  SCV x2  
  87  7:00  Engineering Bay  
  91  7:03  Refinery  
  91  7:04  Siege Tank  
  91  7:05  Viking  
  91  7:07  Refinery  
  96  7:10  SCV x2  
  97  7:16  SCV  
  97  7:21  Engineering Bay  
  97  7:22  SCV x2  
  100  7:26  Siege Tank  
  100  7:28  SCV  
  104  7:34  SCV x2  
  103  7:40  SCV  
  103  7:43  Siege Tank  
  105  7:44  Hellion  
  105  7:46  SCV x2  
  106  7:52  SCV, Supply Depot  
  106  7:58  SCV  
  106  7:59  SCV  
  106  8:04  SCV  
  106  8:05  Siege Tank, Missile Turret, Supply Depot  
  109  8:10  SCV  
  109  8:11  SCV  
  109  8:19  Supply Depot  
  109  8:24  SCV  
  109  8:26  SCV  
  109  8:29  Armory  
  109  8:33  SCV  
  108  8:35  Viking  
  108  8:37  SCV  
  108  8:41  Viking, SCV  
  110  8:44  Armory  
  110  8:45  SCV  
  111  8:49  SCV  
  111  8:53  SCV  
  113  8:55  Missile Turret  
  113  8:56  Sensor Tower  
  113  8:57  SCV  
  113  9:02  SCV  
  115  9:05  Viking, SCV  
  115  9:09  SCV  
  118  9:10  Viking  
  118  9:14  SCV  
  118  9:15  Missile Turret  
  121  9:17  SCV  
  121  9:18  Missile Turret  
  121  9:20  Siege Tank  
  121  9:22  Supply Depot  
  121  9:23  Supply Depot x2  
  125  9:30  Barracks  
  125  9:31  Hurricane Engines  
  125  9:32  Terran Vehicle Weapons Level 1  
  125  9:33  Terran Vehicle And Ship Armor Level 1  
  125  9:44  Siege Tank, SCV x3  
  131  9:53  Command Center  
  131  9:56  SCV x3  
  131  9:58  Missile Turret x2  
  134  10:00  Missile Turret  
  134  10:05  Siege Tank  
  137  10:08  SCV  
  137  10:10  SCV x2  
  137  10:11  Missile Turret  
  140  10:16  Siege Tank, Missile Turret  
  140  10:20  SCV  
  142  10:22  SCV x2  
  144  10:30  Command Center, Factory  
  144  10:31  Factory  
  144  10:32  SCV  
  142  10:36  Hellion  
  142  10:37  Siege Tank  
  142  10:39  Supply Depot  
  142  10:42  Supply Depot  
  147  10:51  Refinery  
  147  10:52  Siege Tank  
  147  10:56  Supply Depot  
  148  10:59  Infernal Pre-Igniter  
  148  11:00  Hellion x2  
  152  11:04  Supply Depot x2  
  152  11:09  Missile Turret  
  152  11:10  Medivac x2  
  156  11:12  Missile Turret  
  156  11:14  SCV  
  156  11:15  SCV x2  
  156  11:17  Factory Tech Lab, Factory Reactor  
  159  11:22  Hellbat x2  
  163  11:26  SCV  
  163  11:28  Terran Vehicle Weapons Level 2, Terran Vehicle And Ship Armor Level 2  
  162  11:33  Siege Tank  
  165  11:42  Viking x2  
  165  11:44  Siege Tank x2  
  175  12:02  Sensor Tower  
  174  12:13  Viking x2  
  151  12:18  SCV  
  131  12:23  SCV  
  118  12:36  Refinery  
  113  12:37  Planetary Fortress  
  113  12:38  Command Center, Refinery  
  113  12:41  Siege Tank x2, Hellbat  
  113  12:42  Hellbat x3  
  113  12:43  Viking x2  
  131  12:45  SCV  
  131  12:46  SCV x2  
  134  12:52  Sensor Tower  
  134  12:58  SCV x2  
  136  13:03  Siege Tank  
  136  13:04  Hellbat, Missile Turret  
  136  13:05  Hellbat x2  
  145  13:06  Missile Turret  
  145  13:13  Viking x2, Siege Tank  
  145  13:18  Neosteel Armor  
  152  13:21  Siege Tank  
  155  13:29  Missile Turret  
  155  13:30  Command Center  
  155  13:31  Planetary Fortress  
  155  13:36  Sensor Tower  
  155  13:42  Missile Turret  
  155  13:43  Missile Turret  
  155  13:44  Hellbat x3  
  155  13:47  Missile Turret  
  164  13:51  Orbital Command  
  164  13:53  SCV x3  
  167  14:00  Thor x2  
  179  14:05  SCV  
  180  14:11  Thor  
  180  14:12  Cyclone x4  
  187  14:27  Command Center  
  187  14:28  Refinery  
  187  14:29  Refinery  
  184  14:31  Terran Vehicle And Ship Armor Level 3, Terran Vehicle Weapons Level 3  
  184  14:35  SCV x3  
  187  14:45  Factory  
  187  14:47  Factory, SCV  
  187  14:48  Factory  
  187  14:50  Missile Turret  
  187  14:52  Missile Turret  
  188  14:53  Cyclone  
  188  14:58  Smart Servos  
  190  15:01  Cyclone  
  190  15:05  Viking x2  
  196  15:23  Cyclone x2, Command Center  
  200  15:40  Viking  
  200  15:41  Planetary Fortress, Cyclone  
  199  15:50  Factory Reactor x3  
  199  15:51  Factory Tech Lab  
  199  15:54  Missile Turret x2  
  199  15:55  Missile Turret  
  199  15:56  Missile Turret  
  199  15:57  Missile Turret x2  
  199  15:58  Cyclone  
  199  16:03  Cyclone x2  
  199  16:04  Cyclone x2  
  182  16:14  Sensor Tower  
  182  16:19  Cyclone  
  182  16:20  Siege Tank, Cyclone  
  189  16:28  Cyclone x2  
  189  16:30  Hi-Sec Auto Tracking  
  193  16:35  Missile Turret  
  193  16:36  Siege Tank x2  
  193  16:37  Missile Turret  
  177  16:47  Cyclone x3  
  177  16:51  Orbital Command, Planetary Fortress  
  177  16:52  Siege Tank x2  
  177  16:54  Cyclone x3  
  190  17:00  Hellbat  
  192  17:15  Cyclone x3  
  196  17:19  Cyclone  
  194  17:32  Cyclone  
  194  17:33  Cyclone x6  
  198  17:40  Command Center  
  198  17:41  Command Center  
  198  17:42  Cyclone  
  200  17:47  Cyclone x2  
  200  17:48  Cyclone  
  184  17:51  Cyclone  
  184  17:57  Viking x2  
  183  18:04  Cyclone  
  183  18:05  Cyclone x5  
  195  18:10  Cyclone  
  197  18:14  Cyclone  
  197  18:19  Cyclone  
  197  18:20  Cyclone x2  
  197  18:24  Missile Turret  
  199  18:32  Factory  
  199  18:33  Factory  
  199  18:35  Factory  
  199  18:36  Cyclone  
  174  18:43  Cyclone x4  
  178  18:50  Cyclone x3  
  178  18:51  Hellbat  
  178  18:52  Siege Tank x2  
  178  19:02  Hellbat  
  176  19:09  Hellbat  
  176  19:12  Siege Tank  
  176  19:15  Hellbat  
  176  19:16  Hellbat x2  
  167  19:17  Cyclone  
  167  19:21  Orbital Command x2, Refinery  
  167  19:22  Siege Tank, Cyclone x2  
  167  19:24  Siege Tank x2  
  179  19:25  Cyclone x2  
  179  19:30  Hellbat  
  188  19:39  Cyclone x2  
  188  19:43  Hellbat x3  
  188  19:44  Siege Tank  
  183  19:49  Hellbat  
  183  19:51  Cyclone  
  177  19:54  Siege Tank, Cyclone x2  
  177  19:56  Siege Tank x2  
  177  19:57  Cyclone x2  
  194  20:04  Hellbat, Cyclone x2  
  200  20:11  Hellion  
  189  20:23  Missile Turret x4  
  189  20:24  Cyclone x4  
  189  20:25  Cyclone, Missile Turret x2  
  189  20:26  Cyclone  
  199  20:31  Command Center  
Show
View Real Time Build Order
Export as new Build Order

ByuN Terran 

Build Orders: Cyclone Opening 

Get SALT Encoding   

  12  0:00  SCV  
  13  0:12  SCV  
  14  0:17  Supply Depot  
  14  0:24  SCV  
  15  0:38  SCV  
  15  0:39  Barracks  
  15  0:42  Refinery  
  16  0:50  SCV  
  16  0:52  Refinery  
  17  1:06  SCV  
  18  1:19  SCV  
  19  1:26  Reaper  
  19  1:31  Orbital Command  
  20  1:39  Supply Depot  
  20  1:41  Factory  
  20  1:56  SCV  
  20  1:58  Reaper  
  22  2:08  SCV  
  23  2:19  Command Center  
  23  2:20  SCV  
  23  2:33  Cyclone, SCV  
  27  2:37  Reaper  
  27  2:45  SCV  
  27  2:46  Supply Depot  
  28  2:51  Starport  
  28  2:57  SCV  
  29  3:09  SCV  
  28  3:13  Factory Tech Lab  
  28  3:14  Barracks Reactor  
  28  3:21  SCV  
  29  3:28  Starport Tech Lab  
  29  3:31  Refinery  
  29  3:32  Siege Tank  
  29  3:34  SCV  
  33  3:41  Orbital Command  
  33  3:46  SCV  
  34  3:50  Raven, Marine x2  
  38  3:58  SCV  
  39  4:07  Marine x2  
  39  4:09  SCV  
  42  4:10  SCV  
  42  4:13  Supply Depot  
  42  4:15  Siege Tank  
  46  4:21  SCV  
  46  4:22  SCV  
  49  4:33  SCV  
  49  4:34  SCV  
  49  4:35  Raven  
  53  4:45  SCV  
  52  4:46  SCV  
  52  4:48  Command Center  
  52  4:51  Barracks  
  53  4:54  Factory Reactor  
  53  4:57  Barracks, SCV  
  53  4:58  SCV  
  55  5:01  Stimpack  
  55  5:05  Supply Depot  
  55  5:09  SCV  
  55  5:10  SCV  
  55  5:11  Raven  
  59  5:21  SCV  
  59  5:22  SCV  
  59  5:24  Engineering Bay  
  59  5:25  Engineering Bay  
  61  5:31  Marine  
  61  5:34  SCV  
  61  5:35  SCV  
  65  5:44  Marine x2  
  65  5:46  SCV  
  65  5:47  SCV  
  68  5:51  Starport Reactor  
  68  5:52  Marine x2  
  70  5:57  Barracks, Terran Infantry Weapons Level 1  
  70  5:59  Barracks, Marine  
  70  6:00  Siege Tank, Terran Infantry Armor Level 1  
  74  6:04  Orbital Command  
  74  6:07  SCV  
  74  6:08  SCV  
  74  6:09  Refinery  
  76  6:15  Marine  
  76  6:16  Marine x3  
  76  6:17  Marine  
  81  6:20  SCV x2  
  74  6:32  Siege Tank, SCV x2  
  77  6:37  Orbital Command  
  77  6:38  Marine x2  
  77  6:39  Marine x2  
  81  6:44  Medivac, SCV  
  84  6:51  SCV  
  84  6:57  Barracks Reactor x2, SCV  
  85  7:03  Supply Depot x2  
  85  7:04  SCV x2  
  85  7:08  Armory  
  87  7:09  Marine x3  
  87  7:13  Combat Shield, Marine  
  91  7:22  SCV x2  
  93  7:25  Siege Tank, SCV  
  93  7:29  Marine x4  
  101  7:31  Marine  
  102  7:40  SCV x2  
  102  7:41  SCV  
  105  7:44  Marine  
  105  7:45  Marine x3  
  105  7:48  Supply Depot x2  
  109  7:57  Terran Infantry Armor Level 2  
  109  8:00  SCV x3, Marine  
  109  8:01  Terran Infantry Weapons Level 2  
  109  8:05  Marine  
  114  8:06  Marine x3  
  114  8:08  Command Center  
  114  8:10  Siege Tank, Marine x2  
  122  8:13  Supply Depot  
  122  8:14  Marine x2  
  122  8:17  SCV  
  122  8:18  SCV  
  124  8:27  SCV  
  124  8:28  Marine x2  
  124  8:29  Marine x2, SCV  
  124  8:31  Concussive Shells  
  124  8:32  Marauder  
  130  8:35  Marine x2  
  130  8:39  Medivac x2  
  136  8:42  Siege Tank, Refinery x2  
  136  8:43  SCV x2  
  136  8:44  SCV  
  135  8:50  Marine x5  
  135  8:51  Marine  
  135  8:53  Marine  
  141  9:10  Barracks  
  141  9:11  Barracks x2  
  141  9:16  Supply Depot  
  141  9:20  Marauder, Medivac, Marine x7, SCV x2  
  141  9:22  SCV  
  141  9:23  Supply Depot  
  155  9:25  Supply Depot  
  155  9:33  Marine  
  155  9:37  Marine x3  
  155  9:38  Terran Vehicle Weapons Level 1, Siege Tank  
  162  9:39  Orbital Command  
  162  9:40  SCV x2  
  162  9:45  Marauder  
  166  9:56  Marine x7  
  166  9:57  Barracks Tech Lab, Marine  
  166  9:58  Barracks Tech Lab  
  175  10:04  Barracks Tech Lab  
  175  10:06  Marauder  
  176  10:13  Siege Tank  
  179  10:16  Terran Infantry Armor Level 3  
  179  10:21  Command Center  
  175  10:29  Marauder x2  
  179  10:40  Supply Depot  
  179  10:41  Supply Depot  
  179  10:42  Marauder x2  
  182  10:45  Terran Infantry Weapons Level 3  
  181  10:50  Marauder x2  
  181  10:55  SCV x2  
  181  10:56  SCV  
  186  10:57  SCV  
  186  10:58  Refinery  
  186  10:59  Refinery  
  186  11:01  Sensor Tower  
  186  11:03  Marauder  
  188  11:09  Medivac x2  
  192  11:17  Starport  
  192  11:19  Starport  
  192  11:37  Planetary Fortress  
  192  11:39  Medivac x2  
  196  11:41  Unknown  
  196  11:43  Command Center  
  196  11:46  Command Center  
  196  11:55  Fusion Core  
  196  11:59  Starport Reactor x2  
  196  12:00  Marine  
  196  12:01  Terran Vehicle And Ship Armor Level 1  
  197  12:02  Armory  
  187  12:12  Marauder x2  
  187  12:14  Marauder x2  
  187  12:15  Marine  
  132  12:16  Marine x2  
  132  12:20  Marine x2  
  120  12:24  Medivac  
  120  12:25  Medivac  
  120  12:29  Marine x2  
  120  12:33  Marauder x2  
  120  12:35  Marauder x2  
  119  12:37  SCV x3  
  119  12:38  SCV  
  123  12:46  Advanced Ballistics  
  123  12:49  SCV x2  
  123  12:50  SCV x2  
  127  12:53  Marine x6  
  127  12:54  Marauder x2, Marine x2  
  127  12:57  Marauder x2  
  143  12:58  Terran Ship Weapons Level 1  
  143  13:03  Orbital Command x2  
  143  13:04  Viking  
  143  13:05  Viking x3  
  151  13:08  Viking  
  151  13:09  Viking  
  151  13:11  Marine  
  156  13:13  SCV x4  
  156  13:16  Marauder  
  156  13:18  Neosteel Armor  
  162  13:22  Hi-Sec Auto Tracking  
  162  13:25  SCV  
  163  13:34  Liberator x4  
  163  13:38  Viking  
  163  13:39  Viking  
  179  13:52  Command Center  
  179  13:55  Command Center  
  179  13:57  SCV x3  
  179  13:58  SCV x3  
  185  14:05  Command Center  
  185  14:08  Viking  
  185  14:09  Viking, SCV  
  177  14:17  Viking x4  
  166  14:38  Viking, Terran Vehicle And Ship Armor Level 2  
  166  14:39  Viking  
  168  14:47  Viking x2, Liberator x2  
  168  14:52  Starport  
  182  14:53  Marauder x4, Starport  
  182  14:59  Missile Turret  
  186  15:00  Missile Turret  
  186  15:04  Missile Turret  
  186  15:07  Viking  
  186  15:09  Viking  
  186  15:12  Orbital Command  
  186  15:13  Orbital Command  
  192  15:14  Missile Turret, Marauder  
  192  15:17  Viking x2  
  196  15:30  Viking  
  196  15:32  Starport Tech Lab  
  196  15:33  Starport Tech Lab  
  198  15:41  Terran Ship Weapons Level 2  
  198  15:42  Starport  
  197  15:43  Starport  
  197  15:44  Liberator  
  197  15:46  Liberator  
  188  16:08  Liberator x2  
  188  16:10  Viking x2  
  188  16:12  Liberator, Weapon Refit  
  188  16:13  Liberator, Marine  
  195  16:19  Orbital Command  
  195  16:25  Starport Tech Lab x2  
  195  16:28  Starport x4  
  195  16:32  Liberator  
  195  16:40  Liberator x3  
  195  16:45  Marauder x3  
  191  16:48  Marauder  
  191  16:50  Liberator  
  191  16:52  Refinery  
  191  16:53  Refinery x2  
  194  16:55  Command Center  
  194  16:57  Command Center  
  194  16:58  Command Center  
  194  17:06  Marauder x3  
  200  17:17  Terran Vehicle And Ship Armor Level 3  
  189  17:30  Marine x2, Marauder x3  
  189  17:35  Liberator x7  
  189  17:36  Liberator x2  
  198  17:49  Marine x3, Marauder  
  198  17:50  Marine  
  171  17:51  Marauder x3  
  171  17:55  Marine x3  
  144  18:00  Liberator x2  
  144  18:02  Marine  
  151  18:09  Marine x2  
  151  18:10  Marauder  
  158  18:12  Marauder  
  158  18:13  Marauder x2  
  158  18:19  Command Center  
  152  18:21  Marine x3  
  152  18:23  Marine x2  
  155  18:31  Marauder  
  163  18:34  Marauder x3  
  163  18:37  Marine x3  
  163  18:39  Marine x3  
  163  18:41  Marine  
  145  18:48  Marine  
  136  18:53  Marauder  
  136  18:54  Marine  
  136  18:55  Marauder x3, Marine x2  
  116  18:58  Marine x4  
  116  19:00  Battlecruiser  
  116  19:01  Battlecruiser  
  125  19:04  Battlecruiser  
  125  19:05  Marine  
  128  19:11  Battlecruiser  
  128  19:12  Marine x3  
  128  19:14  Marauder  
  128  19:16  Marine  
  128  19:17  Marauder x3  
  127  19:23  Marine  
  128  19:26  Viking  
  128  19:27  Viking x3  
  128  19:28  Viking, Marine  
  128  19:29  Marine  
  128  19:30  SCV x5  
  128  19:31  SCV  
  146  19:35  Marauder  
  146  19:38  Marauder x3  
  154  19:45  Marine x2  
  131  19:49  Marine x2  
  131  19:50  Marine  
  131  19:51  Marine x3  
  126  19:53  SCV  
  126  19:54  Orbital Command, SCV x3  
  126  19:55  Unknown  
  126  19:56  SCV x2  
  126  19:57  Marauder  
  126  19:59  Viking x2, Marauder x2  
  143  20:00  Marauder  
  143  20:03  Marine x2  
  151  20:07  Marine x2  
  148  20:16  Marine  
  148  20:17  Marine x3  
  148  20:18  Marauder  
  148  20:21  Marauder x3, Marine x2  
  153  20:24  Marine  
  153  20:25  Marine  
  150  20:34  Marine  

Tags
 
Add a new tag
Caveats
  • Supply blocks, unpowered buildings, or Contaminate may cause inaccurate times.
  • Supply counts are checked every 10 seconds.